 Dungeon Crawl Stone Soup version 0.23.2-40-g277498a001 (webtiles) character file.

Game seed: 6884266774740861625

5929 Descartes the Blocker (level 11, -8/84 HPs)
             Began as a Formicid Fighter on Oct 5, 2019.
             Was a Priest of Dithmenos.
             Killed from afar by Josephine (29 damage)
             ... with a ghostly fireball
             ... on level 11 of the Dungeon.
             The game lasted 00:21:00 (7398 turns).

Descartes the Blocker (Formicid Fighter)            Turns: 7398, Time: 00:21:06

Health: -8/84      AC: 11    Str: 22    XL:     11   Next: 9%
Magic:  19/19      EV:  8    Int: 10    God:    Dithmenos [***...]
Gold:   180        SH: 10    Dex: 10    Spells: 21/21 levels left

rFire    + . .     SeeInvis +   p - +2 broad axe (drain)
rCold    . . .     Gourm    .   c - +0 shield
rNeg     . . .     Faith    .   K - +1 scale mail {MR+}
rPois    +         Spirit   .   (helmet unavailable)
rElec    .         Reflect  .   n - +0 cloak
rCorr    .         Harm     .   (no gloves)
MR       ++...                  (no boots)
Stlth    +.........             q - amulet of regeneration
HPRegen  0.64/turn              (no ring)
MPRegen  0.16/turn              (no ring)

@: wreathed by umbra, heavily drained
A: permanent stasis, dig shafts and tunnels, four strong arms, antennae 3, slimy
green scales 1, fire resistance 1, poison resistance, screaming 1
a: Dig, Shaft Self, Shadow Step, Renounce Religion


You were on level 11 of the Dungeon.
You worshipped Dithmenos.
Dithmenos was most pleased with you.
You were not hungry.

You visited 2 branches of the dungeon, and saw 10 of its levels.

You collected 369 gold pieces.
You spent 189 gold pieces at shops.

Inventory:

Hand Weapons
 p - a +2 broad axe of draining (weapon)
 I - a +1 dire flail of freezing
Missiles
 d - 15 poisoned needles
 i - 155 arrows
 r - 356 stones (quivered)
Armour
 c - a +0 shield (worn)
 n - a +0 cloak (worn)
 w - a +3 ring mail of poison resistance
 y - a +1 ring mail of fire resistance
 z - a +0 robe of magic resistance
 K - a +1 scale mail of magic resistance (worn)
Jewellery
 g - an uncursed amulet of the gourmand
 m - an uncursed amulet of guardian spirit
 q - an amulet of regeneration (around neck)
Wands
 k - a wand of digging (2)
 l - a wand of polymorph (3)
 D - a wand of acid (6)
 E - a wand of random effects (39)
Scrolls
 b - 2 scrolls of fog
 h - 5 scrolls of magic mapping
 o - 4 scrolls of enchant armour
 s - 6 scrolls of remove curse
 x - a scroll of blinking {unknown}
 B - a scroll of amnesia {unknown}
 F - a scroll of enchant weapon {unknown}
 G - a scroll of acquirement {unknown}
Potions
 a - 3 potions of ambrosia {unknown}
 e - 2 potions of brilliance
 j - a potion of heal wounds
 u - 3 potions of cancellation
 v - 2 potions of curing
Comestibles
 f - 18 rations
 J - 9 chunks of flesh


   Skills:
 + Level 7.3(4.2) Fighting
 + Level 6.1(3.1) Axes
 - Level 7.1(4.0) Armour
 + Level 5.8(2.8) Stealth
 - Level 9.0(5.7) Shields
 + Level 5.6(2.6) Spellcasting
 + Level 5.2(2.3) Invocations
 + Level 5.8(2.8) Evocations


You had 21 spell levels left.
You didn't know any spells.
Your spell library was empty.

Dungeon Overview and Level Annotations

Branches:
Dungeon (8/15)             Temple (1/1) D:5
   Lair: D:8-11

Altars:
Ashenzari
Dithmenos
Elyvilon
Fedhas
Gozag
Hepliaklqana
Kikubaaqudgha
Makhleb
Nemelex Xobeh
Okawaru
Qazlal
Ru
Trog
Uskayaw
Vehumet
Wu Jian
Xom
Yredelemnul
Zin

Shops:
D:8 (

Annotations:
D:8 2 transporters
D:11 Josephine


Innate Abilities, Weirdness & Mutations

You cannot be hasted, slowed, berserked, paralysed or teleported.
You can dig through walls and to a lower floor.
Your four strong arms can wield two-handed weapons with a shield.
You have a pair of large antennae on your head. (SInv)
You are partially covered in slimy green scales. (AC +2)
Your flesh is heat resistant. (rF+)
Your system is resistant to poisons. (rPois)
You occasionally shout uncontrollably at your foes.


Message History

The ghostly flame explodes!
The ghostly fireball engulfs you!
You feel drained.
The ghostly fireball engulfs Josephine.
Josephine completely resists.
You barely miss Josephine.
Josephine is moderately wounded.
You block Josephine's attack.
You slash Josephine!
Josephine is severely wounded.
Josephine points at you and mumbles some strange words.
The ghostly flame explodes!
The ghostly fireball engulfs you!!
You feel drained.
* * * LOW HITPOINT WARNING * * *
The ghostly fireball engulfs Josephine.
Josephine completely resists.
You closely miss Josephine.
Josephine is severely wounded.
Josephine hits you with a +0 dagger.
* * * LOW HITPOINT WARNING * * *
Josephine casts a spell at you.
The ghostly flame explodes!
The ghostly fireball engulfs you!!
You feel drained.
You die...

#.# ###+#+#.#
#.......#
#.....!.#########
#.....(.#.......
#.W...WW#.#....#####
{#r#......^...#
#@#..........#
{#@#..........#
#.#..........#
#.#..........#
#............#
#......#######
#........#
###......# ........#
..#.#+####


You could see Josephine, 2 wraiths and a quokka.

Vanquished Creatures
  A hydra (D:8)
  A moth of wrath (D:4)
  Grinder (Temple)
  A hippogriff (D:7)
  2 dream sheep (D:8)
  Sigmund (D:5)
  2 yaks (D:8)
  Eustachio (D:5)
  A wraith (D:11)
  Duvessa (D:6)
  An orc warrior (D:8)
  2 phantoms
  A sky beast (D:7)
  4 ogres
  2 centaurs (D:8)
  3 big kobolds (D:8)
  4 bullfrogs
  A wyvern zombie (D:7)
  Dowan (D:6)
  A scorpion (D:8)
  3 wights (D:7)
  15 killer bees
  2 howler monkeys
  3 centaur zombies
  A bullfrog zombie (D:6)
  A quasit (D:7)
  5 hounds
  An orc priest (D:3)
  A gnoll shaman (D:5)
  4 orc wizards
  A centaur skeleton (D:4)
  Ijyb (Temple)
  A worker ant (D:4)
  A killer bee zombie (D:6)
  2 hound zombies
  2 hound skeletons
  3 worker ant zombies
  11 gnolls
  9 adders
  A shadow imp (D:8)
  An ooze (D:6)
  3 adder zombies
  2 adder skeletons
  7 worms
  A dart slug (D:1)
  5 leopard geckos
  14 orcs
  14 giant cockroaches
  5 goblins
  9 hobgoblins
  6 jackals
  6 kobolds
  4 quokkas
  A ball python (D:4)
  12 bats
  5 frilled lizards
  2 jackal skeletons
  A jackal zombie (D:5)
  A leopard gecko zombie (D:6)
  A quokka skeleton (D:6)
  2 quokka zombies
  5 rats
207 creatures vanquished.

Vanquished Creatures (others)
  An orc wizard (D:6)
1 creature vanquished.

Grand Total: 208 creatures vanquished

Notes
Turn   | Place    | Note
-------+----------+-------------------------------------------
     0 | D:1      | Descartes the Formicid Fighter began the quest for the Orb.
     0 | D:1      | Reached XP level 1. HP: 18/18 MP: 1/1
   102 | D:1      | Reached XP level 2. HP: 24/24 MP: 2/2
   324 | D:1      | Reached skill level 4 in Shields
   447 | D:1      | Reached XP level 3. HP: 28/29 MP: 2/4
   751 | D:2      | Reached skill level 1 in Spellcasting
   889 | D:2      | Reached XP level 4. HP: 21/37 MP: 5/5
  1539 | D:3      | Reached XP level 5. HP: 31/42 MP: 7/7
  1550 | D:3      | Reached skill level 5 in Shields
  2061 | D:4      | Reached XP level 6. HP: 47/48 MP: 5/8
  2199 | D:4      | Reached skill level 1 in Evocations
  2477 | D:4      | Noticed a moth of wrath
  2480 | D:4      | Found a bloodstained altar of Trog.
  2570 | D:4      | Killed a moth of wrath
  2570 | D:4      | Reached skill level 6 in Shields
  2570 | D:4      | Reached XP level 7. HP: 17/55 MP: 3/11
  2822 | D:5      | Entered Level 5 of the Dungeon
  2823 | D:5      | Found a staircase to the Ecumenical Temple.
  2851 | D:5      | Noticed Sigmund
  2854 | Temple   | Entered the Ecumenical Temple
  2905 | Temple   | Became a worshipper of Dithmenos the Shadowed
  2933 | D:5      | Noticed Grinder
  2987 | D:5      | Noticed Ijyb
  2995 | Temple   | Reached XP level 8. HP: 31/61 MP: 6/12
  3260 | Temple   | Killed Ijyb
  3345 | Temple   | Killed Grinder
  3345 | Temple   | Reached skill level 5 in Fighting
  3345 | Temple   | Reached skill level 5 in Armour
  3345 | Temple   | Reached skill level 7 in Shields
  3621 | D:5      | Noticed Eustachio
  3650 | D:5      | Killed Eustachio
  3650 | D:5      | Reached skill level 1 in Stealth
  3650 | D:5      | Reached skill level 1 in Invocations
  3652 | D:5      | Killed Sigmund
  3652 | D:5      | Reached XP level 9. HP: 44/68 MP: 14/14
  3808 | D:5      | Found an ancient bone altar of Kikubaaqudgha.
  3825 | D:5      | Found a hazy altar of Hepliaklqana.
  3828 | D:5      | Found a sparkling altar of Nemelex Xobeh.
  3831 | D:5      | Found a hide-covered altar of Uskayaw.
  3845 | D:5      | Found a sacrificial altar of Ru.
  4161 | D:6      | Reached * piety under Dithmenos
  4416 | D:6      | Reached skill level 8 in Shields
  4674 | D:6      | Noticed Duvessa
  4692 | D:6      | Noticed Dowan
  4708 | D:6      | Killed Duvessa
  4724 | D:6      | Killed Dowan
  5149 | D:6      | HP: 5/103 [killer bee (2)]
  5150 | D:6      | Reached ** piety under Dithmenos
  5619 | D:7      | Reached skill level 5 in Axes
  5778 | D:7      | Reached XP level 10. HP: 64/76 MP: 16/16
  5908 | D:7      | Reached skill level 9 in Shields
  6630 | D:8      | Reached skill level 5 in Evocations
  6760 | D:8      | Found Woacoice's Antique Weapon Shop.
  6793 | D:8      | Reached skill level 5 in Spellcasting
  6928 | D:8      | Gained mutation: Your system is resistant to poisons.
                  | (rPois) [potion of mutation]
  6928 | D:8      | Gained mutation: You occasionally shout uncontrollably at
                  | your foes. [potion of mutation]
  6928 | D:8      | Gained mutation: You are partially covered in slimy green
                  | scales. (AC +2) [potion of mutation]
  6928 | D:8      | Gained mutation: Your flesh is heat resistant. (rF+)
                  | [potion of mutation]
  6949 | D:8      | Bought a runed broad axe for 189 gold pieces
  7038 | D:8      | Found a transporter.
  7212 | D:8      | Reached skill level 5 in Stealth
  7216 | D:8      | Reached *** piety under Dithmenos
  7286 | D:8      | Noticed a three-headed hydra
  7291 | D:8      | Killed a three-headed hydra
  7291 | D:8      | Reached skill level 5 in Invocations
  7291 | D:8      | Reached XP level 11. HP: 84/84 MP: 17/19
  7337 | D:8      | Found a transporter.
  7362 | D:8      | You fall through a shaft for 3 floors!
  7375 | D:11     | Noticed Josephine
  7398 | D:11     | Killed from afar by Josephine

Skill      XL: |  1  2  3  4  5  6  7  8  9 10 |
---------------+-------------------------------+-----
Shields        | 4 5 6 7 8 9 |  9.0
Spellcasting   | 1 2 3 4 5 |  5.6
Armour         | 4 5 6 7 |  7.1
Fighting       | 4 5 6 7 |  7.3
Axes           | 3 4 5 6 |  6.1
Evocations     | 2 3 4 5 |  5.8
Stealth        | 1 3 5 |  5.8
Invocations    | 1 3 5 |  5.2

Action                   |  1- 3 |  4- 6 |  7- 9 | 10-12 || total
-------------------------+-------+-------+-------+-------++-------
Melee: War axe           |    85 |   189 |   383 |   206 ||   863
       Unarmed           |       |       |     5 |       ||     5
       Broad axe         |       |       |       |    71 ||    71
       Dire flail        |       |       |       |     6 ||     6
 Abil: Dig               |     1 |     1 |       |     2 ||     4
  Use: Scroll            |       |     7 |     4 |     4 ||    15
       Potion            |       |       |     4 |     1 ||     5
 Stab: Sleeping          |       |       |       |     1 ||     1
  Eat: Chunk             |       |     6 |     8 |     6 ||    20
       Ration            |       |       |     1 |       ||     1
Armor: Scale mail        |    61 |       |       |    23 ||    84
       Ring mail         |       |    76 |   109 |    70 ||   255
       Chain mail        |       |       |    65 |       ||    65
       Skin              |       |       |    12 |       ||    12
Dodge: Dodged            |    31 |    79 |   176 |   136 ||   422
Block: Shield            |    55 |   120 |   297 |   234 ||   706
